 Dungeon Crawl Stone Soup version 0.30-a0-528-g8c47a4955b (webtiles) character file.

Game seed: 15530064877762086341

142 sanka the Digger (level 5, 21/21 HPs)
             Began as a Felid Earth Elementalist on Dec 23, 2022.
             Quit the game on level 4 of the Dungeon.
             The game lasted 00:03:38 (2016 turns).

sanka the Digger (Felid Earth Elementalist)         Turns: 2016, Time: 00:03:39

Health: 21/21      AC:  2    Str:  4    XL:     5   Next: 3%
Magic:  9/9        EV: 17    Int: 18    God:
Gold:   60         SH:  0    Dex: 17    Spells: 2/8 levels left
                                        Lives:  0   Deaths: 1

rFire   . . .      SeeInvis +    (weapon unavailable)
rCold   . . .      Faith    .    (shield unavailable)
rNeg    . . .      Spirit   .    (body armour unavailable)
rPois   .          Reflect  .    (helmet unavailable)
rElec   .          Harm     .    (cloak unavailable)
rCorr   .          Rampage  .    (gloves unavailable)
Will    .....                    (boots unavailable)
Stlth   ++                       o - amulet of the acrobat
HPRegen 0.23/turn                (no ring)
MPRegen 0.11/turn                (no ring)

@: quick
A: very small, claws 1, fangs 3, see invisible, speed 1, shaggy fur 2, stealthy
paws, no weapons or thrown items, no armour, multi-lived
a: no special abilities


You were on level 4 of the Dungeon.
You visited 1 branch of the dungeon, and saw 3 of its levels.

You collected 60 gold pieces.


Innate Abilities, Weirdness & Mutations

You have sharp claws.
You have razor-sharp teeth.
You have supernaturally acute eyesight. (SInv)
You cover ground quickly. (Speed+)
You are covered in thick fur. (AC +2)
Your paws help you pounce on unaware monsters.
You are incapable of wielding weapons or throwing items.
You cannot wear armour.
You gain extra lives every three experience levels.


   Skills:
 - Level 2.6 Dodging
 - Level 2.6 Stealth
 - Level 2.0 Spellcasting
 - Level 1.1 Transmutations
 + Level 6.2 Earth Magic


You had 2 spell levels left.
You knew the following spells:

 Your Spells              Type           Power      Damage    Failure   Level
x - Stone Arrow           Conj/Erth      26%        3d8       16%         3
z - Sandblast             Erth           48%        2d12      1%          1
N - Passwall              Tmut/Erth      12%        N/A       6%          2

Your spell library contained the following spells:

 Spells                   Type           Power      Damage    Failure   Level
 Foxfire                  Conj/Fire      4%         2x1d4     19%         1
 Petrify                  Tmut/Erth      15%        N/A       36%         4
 Hailstorm                Conj/Ice       1%         3d3       47%         3
 Ice Form                 Ice/Tmut       3%         N/A       82%         4
 Fireball                 Conj/Fire      0%         3d3       99%         5
 Simulacrum               Ice/Necr       0%         N/A       100%        6
 Starburst                Conj/Fire      0%         6d3       100%        6

Inventory:

Jewellery
 o - an amulet of the acrobat (around neck)
Wands
 i - a wand of paralysis (10)
 r - a wand of mindburst (17)
Scrolls
 b - 2 scrolls of enchant weapon {unknown}
 c - 2 scrolls of teleportation {unknown}
 f - a scroll of amnesia {unknown}
 j - 2 scrolls of identify {unknown}
 k - a scroll of blinking {unknown}
 n - a scroll of fear {unknown}
 p - a scroll of immolation {unknown}
Potions
 a - 2 potions of magic
 d - a potion of degeneration {unknown}
 e - 2 potions of lignification {unknown}
 g - 2 potions of curing {unknown}
 h - a potion of haste {unknown}
 l - a potion of heal wounds {unknown}
 m - 2 potions of attraction {unknown}
 q - a potion of mutation {unknown}

Dungeon Overview and Level Annotations

Branches:
Dungeon (2/15)

Altars:

.....▒
.....▒▒▒▒▒▒▒
......>....▒
.....▒.▒▒▒.▒
.......▒▒▒.▒▒▒▒▒
▒▒▒▒▒▒.........▒▒▒
.. ....▒▒▒▒..▒...▒
▒▒ ▒▒.▒▒..▒▒.▒▒..▒
▒.▒....▒..▒.h▒
▒▒▒▒▒.▒..▒....▒..▒
......▒▒)▒▒..▒▒..▒
.▒ ▒..▒..▒▒▒▒..▒▒
.▒ ▒..........▒
.▒▒▒▒▒..▒▒.▒▒▒..▒
...........▒ ▒▒.
.▒▒▒▒▒.▒▒▒▒▒ ▒. .▒
▒...


There were no monsters in sight!


Message History

A lemure is nearby!
The blast of sand hits the lemure!
The lemure is heavily wounded.
The blast of sand hits the lemure.
The lemure is heavily wounded.
The lemure hits you!
The blast of sand hits the lemure!
The lemure is almost dead.
The lemure misses you.
The blast of sand misses the lemure.
The blast of sand misses the lemure.
The lemure hits you but does no damage. The lemure hits you.
* * * LOW HITPOINT WARNING * * *
The blast of sand hits the lemure!
You kill the lemure!
That felt strangely unrewarding.
The blast of sand hits the lemure!
The lemure is moderately wounded.
The lemure hits you.
* * * LOW HITPOINT WARNING * * *
The lemure hits you.
* * * LOW HITPOINT WARNING * * *
The blast of sand hits the lemure!
The lemure is heavily wounded.
The lemure hits you.
You die...
You are now level 5!
You rejoin the land of the living...
Are you sure you want to abandon this character and quit the game? (Confirm with "yes".)

Action                   |  1- 3 |  4- 6 || total
-------------------------+-------+-------++-------
Melee: Unarmed           |     2 |       ||     2
       Bite              |     1 |       ||     1
 Cast: Sandblast         |    54 |    31 ||    85
Armor: Skin              |       |     1 ||     1
Dodge: Dodged            |    16 |     9 ||    25

Levels and vault maps discovered:
D:1:      wander_arrival_chamber, layout_basic,
          hellmonk_ecumenical_altar_lost_god, serial_bayou_pond_a
D:2:      layout_rooms, serial_shops, shop, lightli_corner_chamber
D:4:      layout_basic, mainiacjoe_overflow_swirl, minmay_close_crescents,
          uniq_pikel

Notes
Turn   | Place    | Note
-------+----------+-------------------------------------------
     0 | D:1      | sanka the Felid Earth Elementalist began the quest for the
                  | Orb.
     0 | D:1      | Reached XP level 1. HP: 7/7 MP: 4/4
   175 | D:1      | Reached skill level 3 in Earth Magic
   263 | D:1      | Reached XP level 2. HP: 10/11 MP: 3/6
   730 | D:1      | Found a faded altar of an unknown god.
  1254 | D:2      | Reached XP level 3. HP: 14/14 MP: 5/7
  1345 | D:2      | Reached skill level 4 in Earth Magic
  1583 | D:2      | Reached XP level 4. HP: 18/18 MP: 2/8
  1692 | D:4      | Noticed a scorpion
  1696 | D:4      | Killed a scorpion
  1697 | D:4      | Reached skill level 5 in Earth Magic
  1728 | D:4      | Learned a level 2 spell: Passwall
  1732 | D:4      | Learned a level 3 spell: Stone Arrow
  1735 | D:4      | Noticed a bullfrog
  1738 | D:4      | Killed a bullfrog
  1739 | D:4      | Reached XP level 5. HP: 18/21 MP: 6/9
  1826 | D:4      | Reached skill level 6 in Earth Magic
  1880 | D:4      | Noticed a lemure
  1887 | D:4      | Killed a lemure
  1889 | D:4      | Gained mutation: You are covered in thick fur. (AC +2)
                  | [Felid growth]
  1889 | D:4      | Reached XP level 6. HP: 13/24 MP: 0/10
  2015 | D:4      | Slain by a lemure
  2016 | D:4      | Reached XP level 5. HP: 0/21 MP: 3/9
  2016 | D:4      | Quit the game

Vanquished Creatures
  2 lemures (D:4)
  A bullfrog (D:4)
  2 scorpions (D:4)
  5 adders
  A worm (D:2)
  5 endoplasms
  3 giant cockroaches
  6 goblins
  3 hobgoblins
  3 jackals (D:1)
  4 kobolds
  A quokka (D:2)
  4 ball pythons (D:2)
  3 bats
  7 rats
50 creatures vanquished.
